 Dungeon Crawl Stone Soup version 0.29-a0-575-g0dc89cf053 (webtiles) character file.

Game seed: 16874492769400090608

69 xian the Skirmisher (level 4, -2/37 HPs)
             Began as a Palentonga Fighter on June 11, 2022.
             Was a Follower of Uskayaw.
             Slain by an ice beast (11 damage)
             ... on level 3 of the Dungeon on June 12, 2022.
             The game lasted 00:05:29 (2092 turns).

xian the Skirmisher (Palentonga Fighter)            Turns: 2092, Time: 00:05:30

Health: -2/37      AC:  6    Str: 21    XL:     4   Next: 2%
Magic:  4/4        EV:  7    Int:  8    God:    Uskayaw [*.....]
Gold:   98         SH:  4    Dex: 10    Spells: 3/3 levels left

rFire   . . .      SeeInvis +   a - +0 long sword
rCold   . . .      Faith    .   c - +0 buckler
rNeg    . . .      Spirit   .   b - +0 scale mail
rPois   .          Reflect  .   (no helmet)
rElec   .          Harm     .   (no cloak)
rCorr   .          Rampage  .   (no gloves)
Will    .....                   (no barding)
Stlth   ..........              (no amulet)
HPRegen 0.12/turn               (no ring)
MPRegen 0.09/turn               (no ring)

@: no status effects
A: large, rugged brown scales 3, see invisible, deformed body, roll 1, armoured
tail
a: Rolling Charge, Renounce Religion, Stomp


You were on level 3 of the Dungeon.
You worshipped Uskayaw.
Uskayaw was noncommittal.
You visited 1 branch of the dungeon, and saw 3 of its levels.

You collected 98 gold pieces.

Inventory:

Hand Weapons
 a - a +0 long sword (weapon)
Missiles
 g - 4 poisoned darts
Armour
 b - a +0 scale mail (worn)
 c - a +0 buckler (worn)
Scrolls
 f - a scroll of teleportation
 i - a scroll of summoning
Potions
 e - a potion of heal wounds
 h - a potion of might


   Skills:
 + Level 3.4 Fighting
 + Level 2.9 Long Blades
 + Level 3.0 Armour
 + Level 0.3 Dodging
 + Level 3.0 Shields


You had 3 spell levels left.
You didn't know any spells.
Your spell library contained the following spells:

 Spells                   Type           Power      Damage    Failure   Level
 Summon Ice Beast         Ice/Summ       0%         N/A       100%        4
 Summon Mana Viper        Hex/Summ       0%         N/A       100%        5
 Monstrous Menagerie      Summ           0%         N/A       100%        7


Dungeon Overview and Level Annotations

Branches:
Dungeon (3/15)

Altars:
Uskayaw

Shops:
D:2 *


Innate Abilities, Weirdness & Mutations

You are completely covered in rugged brown scales. (AC +3, +7% HP)
You have supernaturally acute eyesight. (SInv)
Armour fits poorly on your strangely shaped body.
You can roll at nearby foes to attack.
You have a long armoured tail.


Message History

The ice beast completely misses you.
You hit the ice beast.
Your tail-slap misses the ice beast.
The ice beast is heavily wounded.
Your frilled lizard bites the ice beast but does no damage.
Your kobold completely misses the ice beast.
The ice beast hits you but does no damage.
Your kobold hits the ice beast but does no damage.
Your frilled lizard closely misses the ice beast.
You block the ice beast's attack.
You can now stomp with the beat.
You hit the ice beast.
You tail-slap the ice beast, but do no damage.
The ice beast is heavily wounded.
Your frilled lizard barely misses the ice beast.
Your kobold closely misses the ice beast.
The ice beast closely misses you.
You closely miss the ice beast.
The ice beast is heavily wounded.
Your frilled lizard bites the ice beast.
Your kobold hits the ice beast but does no damage.
The ice beast hits you. The ice beast freezes you!
* * * LOW HITPOINT WARNING * * *
You closely miss the ice beast.
The ice beast is severely wounded.
Your frilled lizard bites the ice beast.
Your kobold hits the ice beast but does no damage.
The ice beast misses your frilled lizard.
Your kobold barely misses the ice beast.
Your frilled lizard barely misses the ice beast.
The ice beast hits your frilled lizard.
Your frilled lizard dies!
Your frilled lizard's corpse dissolves into shadows!
The ice beast attacks as you move away!
The ice beast hits you but does no damage.
Your kobold hits the ice beast with a +0 short sword.
Your kobold barely misses the ice beast.
The ice beast hits you.
* * * LOW HITPOINT WARNING * * *
The ice beast freezes you!
You die...

## .# .# ### .### #..
... #.##.# #.#..######
. #..YK......
....###.@#########
.........#.......# #
....####.#.......#.#
.# #.#.......#.#
#.#####.^..._...^.#
#.......#.......#.# #
#######.#.......#.##.#
#.....#.......#...
#.###.####.####.#


You could see an ice beast (ally target) and a friendly kobold (summoned).

Vanquished Creatures
  A gnoll (D:1)
  An adder (D:3)
  A dart slug (D:1)
  4 endoplasms
  2 giant cockroaches (D:2)
  3 goblins (D:1)
  8 hobgoblins
  3 jackals (D:2)
  3 quokkas
  A ball python (D:2)
  6 bats
  3 frilled lizards
  6 kobolds
  3 rats
45 creatures vanquished.

Notes
Turn   | Place    | Note
-------+----------+-------------------------------------------
     0 | D:1      | xian the Palentonga Fighter began the quest for the Orb.
     0 | D:1      | Reached XP level 1. HP: 19/19 MP: 1/1
   112 | D:1      | Reached XP level 2. HP: 4/25 MP: 2/2
   660 | D:1      | Reached XP level 3. HP: 31/31 MP: 3/3
  1598 | D:2      | Found Pexo Dee's General Store.
  1606 | D:2      | Upgraded the game from 0.29-a0-563-g64e4043184 to
                  | 0.29-a0-575-g0dc89cf053
  2025 | D:3      | Found a hide-covered altar of Uskayaw.
  2041 | D:3      | Reached XP level 4. HP: 37/37 MP: 4/4
  2058 | D:3      | Became a worshipper of Uskayaw the Reveller
  2078 | D:3      | Noticed an ice beast
  2087 | D:3      | Reached * piety under Uskayaw
  2092 | D:3      | Slain by an ice beast

Illustrated notes

Levels and vault maps discovered:
D:1:      heliophobic_arrival_ceremonial_halls, layout_loops_ring
D:2:      layout_basic, serial_shops, shop
D:3:      layout_loops_ring, lemuel_tele_altar,
          shapermc_ecumenical_altar_mp_vishouse, nrook_campfire

Skill      XL: |  1  2  3 |
---------------+----------+-----
Shields        | 3 |  3.0
Armour         | 3 |  3.0
Fighting       | |  3.4
Long Blades    | |  2.9
Dodging        | |  0.3

Action                   |  1- 3 |  4- 6 || total
-------------------------+-------+-------++-------
Melee: Long sword        |   104 |     7 ||   111
       Tailslap          |    12 |     1 ||    13
 Abil: Rolling Charge    |    20 |       ||    20
  Use: Potion            |     1 |       ||     1
       Scroll            |     2 |     2 ||     4
Armor: Scale mail        |    62 |     2 ||    64
Dodge: Dodged            |    47 |     4 ||    51
Block: Buckler           |    25 |     1 ||    26

Table legend: (Time is in decaauts)
 A = Elapsed time spent in this place.
 B = Non-inter-level travel time spent in this place.
 C = Inter-level travel time spent in this place.
 D = Time resting spent in this place.
 E = Time spent auto-exploring this place.
 F = Levels seen in this place.
 G = Mean time per level.
                   A        B        C        D        E       F      G
               +--------+--------+--------+--------+--------+-----+--------+
         Total |   2127 |   2077 |     50 |    276 |   1385 |   3 |  709.0 |
       Dungeon |   2127 |   2077 |     50 |    276 |   1385 |   3 |  709.0 |
               +--------+--------+--------+--------+--------+-----+--------+

Top non-repeatable levels by time:
     D:2: 1045 daAuts
     D:1: 1010 daAuts
     D:3: 70 daAuts
